MLB
PHILADELPHIA PHILLIES @ HOUSTON ASTROS
06/13/2098
 
TOP OF THE 1ST
Philadelphia Phillies batting - Pitching for Houston Astros : RHP Larry Heinrich
Pitching: RHP Larry Heinrich
Batting: RHB Ryan Klepper 0-0: Foul Ball, location: 7LSF
0-1: Foul Ball, location: 3SF
0-2: Ball
1-2: Ball
2-2: Fly out, F5 (Line Drive, 5, EV 70.0 MPH)
Batting: RHB Jason Waid 0-0: Ball
1-0: Ball
2-0: Ball
3-0: Base on Balls
Batting: SHB Pete Ray 0-0: Ball
1-0: Fly out, F1 (Popup, 15, EV 74.4 MPH)
Batting: RHB Luis Esquivel 0-0: Ball
1-0: Ball
2-0: Foul Ball, location: 7LSF
2-1: Ball
3-1: Fly out, F9 (Flyball, 9LM, EV 93.1 MPH)
Top of the 1st over - 0 runs, 0 hits, 0 errors, 1 left on base; Philadelphia 0 - Houston 0
BOTTOM OF THE 1ST
Houston Astros batting - Pitching for Philadelphia Phillies : RHP Nick Farrier
Pitching: RHP Nick Farrier
Batting: RHB Erik Ellsworth 0-0: Called Strike
0-1: Foul Ball, location: 9LSF
0-2: DOUBLE (Line Drive, 78D, EV 106.3 MPH)
Batting: LHB Ricky Gomez 0-0: Called Strike
0-1: Ball
1-1: Fly out, F9 (Line Drive, 89M, EV 93.1 MPH)
Batting: RHB Jeff Cinnamon 0-0: Called Strike
0-1: Ball
1-1: Ball
2-1: Swinging Strike
2-2: Ball
3-2: Base on Balls
Batting: LHB Roy Lazzaro 0-0: Called Strike
0-1: Ball
Wild Pitch!
Erik Ellsworth to third
Jeff Cinnamon to second
1-1: Ball
2-1: Foul Ball, location: 2F
2-2: Foul Ball, location: 3SF
2-2: Strikes out looking
Batting: RHB Kyle Stewart 0-0: Called Strike
0-1: TRIPLE (Line Drive, 89XD, EV 100.6 MPH)
Erik Ellsworth scores
Jeff Cinnamon scores
Batting: RHB Frank Kelsay 0-0: Ball
1-0: Called Strike
1-1: Ball
2-1: Foul Ball, location: 3F
2-2: Strikes out swinging
Bottom of the 1st over - 2 runs, 2 hits, 0 errors, 1 left on base; Philadelphia 0 - Houston 2
TOP OF THE 2ND
Philadelphia Phillies batting - Pitching for Houston Astros : RHP Larry Heinrich
Batting: RHB Chad Larson 0-0: Ball
1-0: Foul Ball, location: 9LDF
1-1: Called Strike
1-2: Hit by Pitch
Batting: RHB Vicente Vargas 0-0: Ball
1-0: Foul Ball, location: 25F
1-1: Swinging Strike
1-2: Foul Ball, location: 2F
1-2: Ball
2-2: 2-RUN HOME RUN (Flyball, 7D, EV 98.1 MPH), Distance : 386 ft
Batting: RHB Allan Alessi 0-0: Ball
1-0: Foul Ball, location: 5FF
1-1: Ball
2-1: Ground out 3-1 (Groundball, 34S, EV 69.4 MPH)
Batting: RHB Aaron Marler 0-0: Ball
1-0: Ground out 6-3 (Groundball, 6, EV 78.1 MPH)
Batting: RHB Josh Hester 0-0: Foul Ball, location: 2F
0-1: Ball
1-1: Swinging Strike
1-2: Ground out 3-1 (Groundball, 34, EV 81.3 MPH)
Top of the 2nd over - 2 runs, 1 hit, 0 errors, 0 left on base; Philadelphia 2 - Houston 2
BOTTOM OF THE 2ND
Houston Astros batting - Pitching for Philadelphia Phillies : RHP Nick Farrier
Batting: RHB Matt Carocci 0-0: Fly out, F4 (Popup, 4, EV 61.3 MPH)
Batting: LHB Aaron Bruckerhoff 0-0: Swinging Strike
0-1: Foul Ball, location: 23F
0-2: SINGLE (Line Drive, 78S, EV 106.9 MPH)
Batting: LHB Pat Mueller 0-0: Ball
1-0: Ball
Aaron Bruckerhoff steals 2nd base
2-0: Swinging Strike
2-1: Called Strike
2-2: Strikes out swinging
Batting: RHB Erik Ellsworth 0-0: Ground out 1-3 (Groundball, 25, EV 69.4 MPH)
Bottom of the 2nd over - 0 runs, 1 hit, 0 errors, 1 left on base; Philadelphia 2 - Houston 2
TOP OF THE 3RD
Philadelphia Phillies batting - Pitching for Houston Astros : RHP Larry Heinrich
Batting: RHB Ryan Klepper 0-0: Foul Ball, location: 2F
0-1: Ground out 6-3 (Groundball, 6, EV 81.3 MPH)
Batting: RHB Jason Waid 0-0: Ball
1-0: Ground out 5-3 (Groundball, 56, EV 106.3 MPH)
Batting: SHB Pete Ray 0-0: Called Strike
0-1: Ball
1-1: Ball
2-1: Foul Ball, location: 3F
2-2: Foul Ball, location: 23F
2-2: Ball
3-2: Foul Ball, location: 9LMF
3-2: Base on Balls
Batting: RHB Luis Esquivel 0-0: Called Strike
0-1: Ball
1-1: Ball
2-1: Fly out, F8 (Flyball, 8LD, EV 101.9 MPH)
Top of the 3rd over - 0 runs, 0 hits, 0 errors, 1 left on base; Philadelphia 2 - Houston 2
BOTTOM OF THE 3RD
Houston Astros batting - Pitching for Philadelphia Phillies : RHP Nick Farrier
Batting: LHB Ricky Gomez 0-0: Ball
1-0: Ball
2-0: Foul Ball, location: 3F
2-1: Fly out, F8 (Flyball, 8LXD, EV 100.6 MPH)
Batting: RHB Jeff Cinnamon 0-0: Ball
1-0: DOUBLE (Line Drive, 89D, EV 102.5 MPH)
Batting: LHB Roy Lazzaro 0-0: Foul Ball, location: 2F
0-1: Called Strike
0-2: Foul Ball, location: 3SF
0-2: Ball
1-2: Strikes out swinging
Batting: RHB Kyle Stewart 0-0: Ball
1-0: SINGLE (Line Drive, 89M, EV 94.4 MPH)
Jeff Cinnamon to third
Runner from 3rd tries for Home, SAFE, throw by CF to home
Batting: RHB Frank Kelsay 0-0: Called Strike
0-1: Foul Ball, location: 7LDF
0-2: Ball
1-2: SINGLE (Groundball, 56D, EV 105.0 MPH)
Kyle Stewart to second
Batting: RHB Matt Carocci 0-0: SINGLE (Line Drive, 6M, EV 94.4 MPH)
Kyle Stewart to third
Frank Kelsay to second
Runner from 3rd tries for Home, SAFE, throw by CF to home
Batting: LHB Aaron Bruckerhoff 0-0: Ball
1-0: Called Strike
1-1: Fielders Choice at 2nd, 6-4 (Groundball, 6, EV 107.5 MPH)
Bottom of the 3rd over - 2 runs, 4 hits, 0 errors, 2 left on base; Philadelphia 2 - Houston 4
TOP OF THE 4TH
Philadelphia Phillies batting - Pitching for Houston Astros : RHP Larry Heinrich
Batting: RHB Chad Larson 0-0: DOUBLE (Line Drive, 9LM, EV 91.3 MPH)
Batting: RHB Vicente Vargas 0-0: Ball
1-0: Ball
2-0: Called Strike
2-1: Foul Ball, location: 2F
2-2: Foul Ball, location: 9LMF
2-2: 2-RUN HOME RUN (Flyball, 7D, EV 101.3 MPH), Distance : 391 ft
Batting: RHB Allan Alessi 0-0: Ball
1-0: Ground out 6-3 (Groundball, 56, EV 90.6 MPH)
Batting: RHB Aaron Marler 0-0: Foul Ball, location: 5DF
0-1: Ball
1-1: Fly out, F8 (Line Drive, 8LD, EV 96.3 MPH)
Batting: RHB Josh Hester 0-0: Foul Ball, location: 9LSF
0-1: Foul Ball, location: 9LMF
0-2: Ball
1-2: Strikes out swinging
Top of the 4th over - 2 runs, 2 hits, 0 errors, 0 left on base; Philadelphia 4 - Houston 4
BOTTOM OF THE 4TH
Houston Astros batting - Pitching for Philadelphia Phillies : RHP Nick Farrier
Batting: LHB Pat Mueller 0-0: Swinging Strike
0-1: Ball
1-1: Ball
2-1: Ball
3-1: Called Strike
3-2: Ground out 4-3 (Groundball, 4, EV 104.4 MPH)
Batting: RHB Erik Ellsworth 0-0: Ball
1-0: Ball
2-0: Ball
3-0: Called Strike
3-1: SINGLE (Line Drive, 89S, EV 111.3 MPH)
Batting: LHB Ricky Gomez 0-0: Called Strike
0-1: Grounds into double play, 4-6-3 (Groundball, 4, EV 97.5 MPH)
Bottom of the 4th over - 0 runs, 1 hit, 0 errors, 0 left on base; Philadelphia 4 - Houston 4
TOP OF THE 5TH
Philadelphia Phillies batting - Pitching for Houston Astros : RHP Larry Heinrich
Batting: RHB Ryan Klepper 0-0: Ball
1-0: Ball
2-0: Ball
3-0: Base on Balls
Batting: RHB Jason Waid 0-0: Ball
1-0: SINGLE (Line Drive, 6MD, EV 100.0 MPH)
Ryan Klepper to second
Batting: SHB Pete Ray 0-0: Foul Ball, location: 2F
0-1: Called Strike
0-2: Foul Ball, location: 7LMF
0-2: Ball
1-2: 3-RUN HOME RUN (Flyball, 78XD, EV 108.8 MPH), Distance : 417 ft
Pitching: RHP Ron Lord
Batting: RHB Luis Esquivel 0-0: Ball
1-0: Foul Ball, location: 5FF
1-1: Ball
2-1: Called Strike
2-2: SINGLE (Line Drive, 89S, EV 97.5 MPH)
Batting: RHB Chad Larson 0-0: Ball
1-0: Foul Ball, location: 9LMF
1-1: Called Strike
Luis Esquivel steals 2nd base
1-2: Ground out 5-3 (Groundball, 56S, EV 85.6 MPH)
Batting: RHB Vicente Vargas 0-0: Ball
1-0: Ball
2-0: Ball
3-0: Called Strike
3-1: Base on Balls
Batting: RHB Allan Alessi 0-0: Ball
1-0: Called Strike
1-1: Foul Ball, location: 9LMF
1-2: Foul Ball, location: 9LMF
1-2: Strikes out swinging
Batting: RHB Aaron Marler 0-0: Called Strike
0-1: Called Strike
0-2: Ball
1-2: Ball
2-2: Foul Ball, location: 3F
2-2: Foul Ball, location: 9LMF
2-2: Strikes out swinging
Top of the 5th over - 3 runs, 3 hits, 0 errors, 2 left on base; Philadelphia 7 - Houston 4
BOTTOM OF THE 5TH
Houston Astros batting - Pitching for Philadelphia Phillies : RHP Nick Farrier
Batting: RHB Jeff Cinnamon 0-0: Ball
1-0: Fly out, F7 (Line Drive, 7S, EV 107.5 MPH)
Batting: LHB Roy Lazzaro 0-0: Ball
1-0: Fly out, F9 (Flyball, 9LS, EV 94.4 MPH)
Batting: RHB Kyle Stewart 0-0: Foul Ball, location: 7LMF
0-1: Fly out, F9 (Flyball, 9, EV 95.6 MPH)
Bottom of the 5th over - 0 runs, 0 hits, 0 errors, 0 left on base; Philadelphia 7 - Houston 4
TOP OF THE 6TH
Philadelphia Phillies batting - Pitching for Houston Astros : RHP Ron Lord
Batting: RHB Josh Hester 0-0: Foul Ball, location: 7LMF
0-1: Ball
1-1: Foul Ball, location: 2F
1-2: Ground out 4-3 (Groundball, 4, EV 105.6 MPH)
Batting: RHB Ryan Klepper 0-0: Ball
1-0: Ball
2-0: Called Strike
2-1: Ball
3-1: Called Strike
3-2: Base on Balls
Pitching: RHP Vince Geiger
Batting: RHB Jason Waid 0-0: Called Strike
Ryan Klepper steals 2nd base
0-1: Swinging Strike
0-2: Strikes out looking
Batting: SHB Pete Ray 0-0: Called Strike
0-1: Ball
1-1: Ball
2-1: Ball
3-1: Swinging Strike
3-2: Base on Balls
Batting: RHB Luis Esquivel 0-0: Ball
1-0: Called Strike
1-1: Fly out, F7 (Flyball, 7, EV 87.5 MPH)
Top of the 6th over - 0 runs, 0 hits, 0 errors, 2 left on base; Philadelphia 7 - Houston 4
BOTTOM OF THE 6TH
Houston Astros batting - Pitching for Philadelphia Phillies : RHP Nick Farrier
Batting: RHB Frank Kelsay 0-0: Ball
1-0: Ball
2-0: Ground out 5-3 (Groundball, 56, EV 101.9 MPH)
Batting: RHB Matt Carocci 0-0: SINGLE (Line Drive, 78M, EV 103.8 MPH)
Batting: LHB Aaron Bruckerhoff 0-0: Swinging Strike
0-1: Swinging Strike
0-2: Foul Ball, location: 2F
0-2: Ball
1-2: Strikes out swinging
Batting: LHB Pat Mueller 0-0: Ball
1-0: Ground out 1-3 (Groundball, 13S, EV 68.1 MPH)
Bottom of the 6th over - 0 runs, 1 hit, 0 errors, 1 left on base; Philadelphia 7 - Houston 4
TOP OF THE 7TH
Philadelphia Phillies batting - Pitching for Houston Astros : RHP Vince Geiger
Batting: RHB Chad Larson 0-0: Ball
1-0: Foul Ball, location: 2F
1-1: Ball
2-1: Ball
3-1: Base on Balls
Batting: RHB Vicente Vargas 0-0: Called Strike
0-1: Called Strike
Chad Larson steals 2nd base
0-2: Strikes out looking
Batting: RHB Allan Alessi 0-0: Ball
1-0: Foul Ball, location: 23F
1-1: Called Strike
1-2: Strikes out swinging
Batting: RHB Aaron Marler 0-0: Ball
1-0: Foul Ball, location: 23FF
1-1: Called Strike
1-2: Ball
2-2: Strikes out swinging
Top of the 7th over - 0 runs, 0 hits, 0 errors, 1 left on base; Philadelphia 7 - Houston 4
BOTTOM OF THE 7TH
Houston Astros batting - Pitching for Philadelphia Phillies : RHP Nick Farrier
Batting: RHB Erik Ellsworth 0-0: Called Strike
0-1: Foul Ball, location: 2F
0-2: Ball
1-2: Strikes out swinging
Pitching: RHP Dave Quiram
Batting: LHB Ricky Gomez 0-0: Ball
1-0: Called Strike
1-1: SINGLE (Groundball, P, EV 68.8 MPH)
Batting: RHB Jeff Cinnamon 0-0: Foul Ball, location: 3F
0-1: Ball
1-1: Swinging Strike
1-2: Foul Ball, location: 9LSF
1-2: Ball
2-2: Grounds into double play, 5-4-3 (Groundball, 25, EV 78.1 MPH)
Bottom of the 7th over - 0 runs, 1 hit, 0 errors, 0 left on base; Philadelphia 7 - Houston 4
TOP OF THE 8TH
Philadelphia Phillies batting - Pitching for Houston Astros : RHP Vince Geiger
Pitching: RHP Josh Jones
Batting: RHB Josh Hester 0-0: Ball
1-0: Ball
2-0: Called Strike
2-1: Called Strike
2-2: Foul Ball, location: 9LSF
2-2: Ball
3-2: Base on Balls
Batting: RHB Ryan Klepper 0-0: Foul Ball, location: 2F
0-1: Foul Ball, location: 3F
0-2: Strikes out swinging
Batting: RHB Jason Waid 0-0: Foul Ball, location: 9LMF
0-1: Called Strike
0-2: Foul Ball, location: 2F
0-2: Ball
1-2: Ball
2-2: Ball
3-2: Grounds into double play, 4-6-3 (Groundball, 4, EV 85.0 MPH)
Top of the 8th over - 0 runs, 0 hits, 0 errors, 0 left on base; Philadelphia 7 - Houston 4
BOTTOM OF THE 8TH
Houston Astros batting - Pitching for Philadelphia Phillies : RHP Dave Quiram
Batting: LHB Roy Lazzaro 0-0: Fly out, F8 (Flyball, 8RD, EV 90.6 MPH)
Batting: RHB Kyle Stewart 0-0: Foul Ball, location: 3SF
0-1: Swinging Strike
0-2: Strikes out swinging
Batting: RHB Frank Kelsay 0-0: Ball
1-0: Foul Ball, location: 23F
1-1: Foul Ball, location: 2F
1-2: Ball
2-2: Ball
3-2: Base on Balls
Batting: RHB Matt Carocci 0-0: Foul Ball, location: 9LDF
0-1: Called Strike
0-2: Foul Ball, location: 2F
0-2: Ball
1-2: Ball
2-2: Foul Ball, location: 7LSF
2-2: Strikes out looking
Bottom of the 8th over - 0 runs, 0 hits, 0 errors, 1 left on base; Philadelphia 7 - Houston 4
TOP OF THE 9TH
Philadelphia Phillies batting - Pitching for Houston Astros : RHP Josh Jones
Batting: SHB Pete Ray 0-0: Ball
1-0: Ball
2-0: Ball
3-0: Base on Balls
Batting: RHB Luis Esquivel 0-0: Ball
1-0: Foul Ball, location: 3FF
1-1: Called Strike
1-2: Ball
2-2: Foul Ball, location: 2F
2-2: Strikes out swinging
Pitching: RHP Larry DeWolfe
Batting: RHB Chad Larson 0-0: Ball
1-0: Ball
2-0: Foul Ball, location: 5DF
2-1: Ball
3-1: Base on Balls
Pete Ray to second
Batting: RHB Vicente Vargas 0-0: Fielders Choice at 2nd, 6-4 (Groundball, 6, EV 87.5 MPH)
Pete Ray to third
Batting: RHB Allan Alessi 0-0: Called Strike
0-1: Foul Ball, location: 25F
0-2: Ball
1-2: Ball
2-2: Ball
3-2: Fly out, F5 (Line Drive, 56, EV 66.9 MPH)
Top of the 9th over - 0 runs, 0 hits, 0 errors, 2 left on base; Philadelphia 7 - Houston 4
BOTTOM OF THE 9TH
Houston Astros batting - Pitching for Philadelphia Phillies : RHP Dave Quiram
Pitching: RHP Jason Hunter
Batting: LHB Aaron Bruckerhoff 0-0: Called Strike
0-1: Ball
1-1: Called Strike
1-2: Foul Ball, location: 7LMF
1-2: Ball
2-2: Foul Ball, location: 3F
2-2: Strikes out swinging
Batting: LHB Pat Mueller 0-0: Called Strike
0-1: Called Strike
0-2: Fly out, F6 (Popup, 6S, EV 73.1 MPH)
Batting: RHB Erik Ellsworth 0-0: Called Strike
0-1: Ball
1-1: Foul Ball, location: 5SF
1-2: Ball
2-2: Ball
3-2: Strikes out swinging
Bottom of the 9th over - 0 runs, 0 hits, 0 errors, 0 left on base; Philadelphia 7 - Houston 4
Saturday, April 6th , 2024 - OOTP Baseball 24.11 Build 85